 Dungeon Crawl Stone Soup version 0.21.1-1-g345015f (webtiles) character file.

289 rlgrobin the Slasher (level 6, 0/49 HPs)
             Began as a Barachi Monk on Apr 21, 2018.
             Splashed by a jelly's acid (6 damage)
             ... on level 4 of the Dungeon.
             The game lasted 00:16:31 (3451 turns).

rlgrobin the Slasher (Barachi Monk)                 Turns: 3451, Time: 00:16:32

Health: 0/49       AC: -7    Str: 13    XL:     6   Next: 31%
Magic:  6/6        EV: 14    Int: 10    God:
Gold:   117        SH:  0    Dex: 16    Spells: 5/5 levels left

rFire    . . .     SeeInvis .   n - +0 short sword (speed)
rCold    . . .     Gourm    .   (no shield)
rNeg     . . .     Faith    .   i - +0 leather armour
rPois    .         Spirit   .   (no helmet)
rElec    .         Reflect  .   m - +0 cloak
rCorr    .         Harm     .   (no gloves)
MR       .....                  (no boots)
Stlth    ++........             (no amulet)
HPRegen  0.16/turn              (no ring)
MPRegen  0.10/turn              (no ring)

@: corroded, can't hop, slow
A: +LOS, swims, slowness 1, strong legs 1
a: Hop


You were on level 4 of the Dungeon.
You were very hungry.

You visited 1 branch of the dungeon, and saw 4 of its levels.

You collected 117 gold pieces.


Innate Abilities, Weirdness & Mutations

Shadows flee at your approach. (+LOS)
You can swim through water.
You cover ground slowly.
You can hop short distances.


   Skills:
 - Level 4.6 Fighting
 - Level 5.1 Long Blades
 - Level 2.4 Armour
 + Level 4.9 Dodging
 - Level 3.0 Stealth


You had 5 spell levels left.
You didn't know any spells.

Inventory:

Hand Weapons
 a - a +0 falchion
 l - a +0 hunting sling
 n - a +0 short sword of speed (weapon)
 o - a +0 dagger of freezing
Missiles
 d - 84 stones (quivered)
 h - 47 sling bullets
Armour
 i - a +0 leather armour (worn)
 m - a +0 cloak (worn)
Scrolls
 e - a scroll of magic mapping
 f - 2 scrolls of fog
 j - a scroll of identify {unknown}
 k - a scroll of teleportation {unknown}
Potions
 b - a potion of cancellation
 g - a potion of lignification {unknown}
 q - 2 potions of resistance
Comestibles
 c - 6 rations

Dungeon Overview and Level Annotations

Branches:
Dungeon (4/15)
 Temple: D:4-7

Altars:

Annotations:
D:3 Verendum's ghost, amateur GrAK

▒ ▒.▒ ▒.▒▒▒▒▒ ▒ ▒.▒ ▒.▒...▒ ▒
▒.▒ ▒.....▒▒▒ ▒
▒.▒▒▒▒▒▒▒▒▒....(..▒ ▒
▒....÷.........▒▒▒▒ ▒
▒▒▒▒▒▒▒▒▒▒▒▒▒▒▒▒ ░▒▒▒▒▒▒▒
▒▒▒▒▒▒▒▒▒▒▒ ▒▒▒▒▒▒▒▒▒▒÷.....▒
.......)..▒▒▒...###▒▒'ff..f.▒
▒▒▒▒▒▒▒▒..▒▒....F.#▒.▒.J....▒
▒..'.....J##▒.▒.Jf...▒
▒..'.....#..▒J▒.J...J▒
▒▒.'......▒J▒J▒....f÷▒
▒.▒▒.....▒.▒.▒.÷....▒
░▒▒▒▒▒....▒J▒.▒.....f▒ ░,,░
▒▒▒▒▒▒▒.▒▒..J.J?▒ ░,░░ ░░░
▒▒▒░▒▒▒▒▒▒▒░░░░ ░,░ ░,░░░░░░░
░,,,


You could see a jelly and 2 oozes.


Message History

Something hits the fungus!
The ooze completely misses the fungus!
The jelly hits you!
You are splashed with acid!!!
The acid burns!!! * * * don't die
* * * Something hits the fungus!
You take 14 damage, and have 17/49 hp!
MASSIVE DAMAGE!!!!!!
The ooze hits something!
The jelly hits you! * * * don't die
* * * The acid corrodes you!!!
You are splashed with acid!!!
The acid burns!!! * * * don't die
* * * You take 10 damage, and have 8/49 hp!
MASSIVE DAMAGE!!!!!!
Use which ability? (? or * to list) Hop to where?
Boing!!!
As you read the scroll labeled COH DYAKAM, it crumbles to dust!
The scroll dissolves into smoke!
It was a scroll of fog!
As you read the scroll labeled BOSTEV ALIEBYTT, it crumbles to dust!
You feel aware of your surroundings!
You sensed 6 altars!
It was a scroll of magic mapping!
Okay, then!
Wield which item (- for none, * to show all)? (? for menu, Esc to quit)
Your hands tingle!!!
n - a +0 short sword of speed (weapon)
You spit the jelly but do no damage!
Your hands burn!!! * * * don't die
* * * The jelly is severely wounded!
The jelly hits you! * * * don't die
* * * The acid corrodes you!!!
You are splashed with acid!!!
The acid burns!!! rip

Action                   |  1- 3 |  4- 6 || total
-------------------------+-------+-------++-------
Melee: Falchion          |   110 |   106 ||   216
       Short sword       |       |    40 ||    40
       Unarmed           |       |    10 ||    10
       Dagger            |       |     2 ||     2
 Fire: Hunting sling     |       |    28 ||    28
Throw: Stone             |    17 |       ||    17
 Abil: Hop               |       |     3 ||     3
  Use: Potion            |       |     5 ||     5
       Scroll            |       |     2 ||     2
 Stab: Sleeping          |     5 |     4 ||     9
  Eat: Chunk             |     3 |     2 ||     5
       Ration            |       |     1 ||     1
Armor: Robe              |     6 |       ||     6
       Leather armour    |    11 |    36 ||    47
Dodge: Dodged            |    75 |   101 ||   176
       Rpst.: Falchion   |    28 |    20 ||    48

Vault maps used:
D:1:      minmay_arrival_four_circles
D:2:      uniq_terence, uniq_jessica
D:3:      uniq_ijyb
D:4:      cheibrodos_fertilizer, minitemple, first_ration

Notes
Turn   | Place    | Note
-------+----------+-------------------------------------------
     0 | D:1      | rlgrobin the Barachi Monk began the quest for the Orb.
     0 | D:1      | Reached XP level 1. HP: 18/18 MP: 1/1
   101 | D:1      | Reached skill level 4 in Long Blades
   137 | D:1      | Reached XP level 2. HP: 24/24 MP: 2/2
  1266 | D:2      | Reached skill level 5 in Long Blades
  1266 | D:2      | Reached XP level 3. HP: 22/29 MP: 3/3
  1359 | D:2      | Reached skill level 1 in Armour
  1376 | D:2      | Noticed Jessica
  1570 | D:2      | Reached skill level 2 in Armour
  1667 | D:2      | Noticed Terence
  1714 | D:3      | Reached XP level 4. HP: 29/36 MP: 4/4
  1801 | D:3      | Reached skill level 2 in Stealth
  1883 | D:3      | Noticed Verendum's ghost (amateur GrAK)
  2105 | D:2      | Killed Jessica
  2105 | D:2      | Reached skill level 4 in Fighting
  2173 | D:2      | HP: 2/37 [Terence/short sword of speed (3)]
  2174 | D:2      | Killed Terence
  2174 | D:2      | Reached XP level 5. HP: 3/43 MP: 5/5
  2583 | D:3      | Noticed Ijyb
  2608 | D:3      | Killed Ijyb
  2758 | D:4      | Reached skill level 3 in Stealth
  2805 | D:4      | Identified 4 potions of resistance
  2806 | D:4      | Reached skill level 4 in Dodging
  2808 | D:4      | HP: 4/43 [poisoned by a scorpion]
  3069 | D:4      | Reached XP level 6. HP: 35/49 MP: 6/6
  3451 | D:4      | Splashed by a jelly's acid

Vanquished Creatures
  A scorpion (D:4)
  A hound (D:4)
  A jelly (D:4)
  Jessica (D:2)
  Ijyb (D:3)
  Terence (D:2)
  3 adders
  2 worms
  A dart slug (D:1)
  3 leopard geckos
  An orc (D:3)
  4 giant cockroaches
  9 goblins
  4 hobgoblins
  3 jackals (D:4)
  A ball python (D:1)
  6 bats
  2 frilled lizards
  15 kobolds
  8 rats
68 creatures vanquished.

Vanquished Creatures (others)
  11 toadstools (D:4)
11 creatures vanquished.

Grand Total: 79 creatures vanquished
